 Dungeon Crawl Stone Soup version 0.27-a0-1065-ge809cff456 (console) character file.

Game seed: 1257959032626410933

263 nht the Insei (level 5, -3/38 HPs)
             Began as a Demonspawn Warper on Apr 23, 2021.
             Killed from afar by Sigmund (13 damage)
             ... with a puff of flame
             ... on level 2 of the Dungeon.
             The game lasted 00:07:05 (3436 turns).

nht the Insei (Demonspawn Warper)                   Turns: 3436, Time: 00:07:05

Health: -3/38      AC:  6    Str: 11    XL:     5   Next: 97%
Magic:  8/8        EV: 11    Int: 16    God:
Gold:   857        SH:  4    Dex: 12    Spells: 6/8 levels left

rFire    . . .     SeeInvis .   b - +0 long sword
rCold    . . .     Faith    .   (no shield)
rNeg     . . .     Spirit   .   a - +0 leather armour
rPois    .         Reflect  .   (helmet restricted)
rElec    .         Harm     .   f - +2 cloak
rCorr    .         Rampage  .   (no gloves)
Will     .....                  (no boots)
Stlth    +.........             (no amulet)
HPRegen  0.12/turn              (no ring)
MPRegen  0.11/turn              (no ring)

@: attractive
A: antennae 1, large bone plates 1, icemail 1, condensation shield
a: no special abilities


You were on level 2 of the Dungeon.
You visited 1 branch of the dungeon, and saw 5 of its levels.

You collected 857 gold pieces.

Inventory:

Hand Weapons
 b - a +0 long sword (weapon)
Missiles
 d - 5 boomerangs of dispersal (quivered)
Armour
 a - a +0 leather armour (worn)
 f - a +2 cloak (worn)
Wands
 h - a wand of acid (3)
Scrolls
 c - a scroll of blinking
Potions
 g - a potion of degeneration


   Skills:
 - Level 2.0 Fighting
 - Level 0.8 Throwing
 - Level 0.8 Armour
 - Level 1.7 Dodging
 + Level 5.7 Unarmed Combat
 - Level 2.0 Spellcasting
 - Level 2.7 Translocations


You had 6 spell levels left.
You knew the following spells:

 Your Spells              Type           Power      Damage    Failure   Level
a - Blink                 Tloc           N/A        N/A       14%         2

Your spell library contained the following spells:

 Spells                   Type           Power      Damage    Failure   Level
 Animate Skeleton         Necr           2%         N/A       26%         1
 Pain                     Necr           4%         1d4       26%         1
 Summon Small Mammal      Summ           4%         N/A       26%         1
 Gell's Gravitas          Tloc           5%         N/A       26%         3
 Lesser Beckoning         Tloc           5%         N/A       26%         3
 Teleport Other           Tloc           10%        N/A       26%         3
 Call Imp                 Summ           1%         N/A       38%         2
 Call Canine Familiar     Summ           1%         N/A       63%         3
 Summon Guardian Golem    Hex/Summ       1%         N/A       63%         3
 Vampiric Draining        Necr           0%         2d6       63%         3
 Manifold Assault         Tloc           10%        N/A       94%         5
 Animate Dead             Necr           0%         N/A       95%         4
 Summon Ice Beast         Ice/Summ       1%         N/A       95%         4
 Summon Lightning Spire   Summ/Air       1%         N/A       95%         4
 Agony                    Necr           1%         N/A       100%        5


Dungeon Overview and Level Annotations

Branches:
Dungeon (5/15)
 Temple: D:4-7

Altars:

Shops:
D:2 (

Annotations:
D:2 Sigmund, Terence
D:5 Blork the orc


Innate Abilities, Weirdness & Mutations

You have a pair of small antennae on your head.
You are partially covered in large bone plates. (SH +4)
A meltable icy envelope protects you from harm. (AC +0)
A meltable shield of frost defends you. (SH +0)


Message History

The worm barely misses you.
You hit the worm but do no damage. You punch the worm.
The worm is almost dead.
The worm bites you.
You barely miss the worm.
The worm is almost dead.
The worm bites you but does no damage.
You hit the worm.
You kill the worm!
Sigmund is nearby!
It was a potion of ambrosia.
You are confused.
You feel invigorated.
Sigmund shouts!
You bump into the rock wall.
Sigmund misses you.
You bump into the rock wall.
Sigmund completely misses you.
Sigmund gestures at himself while chanting.
Sigmund flickers and vanishes!
Deactivating autopickup; reactivate with Ctrl-A.
You see here a worm corpse.
You miss something. Something completely misses you.
You hear some strange, mumbled words.
Something tries to affect you, but you resist.
You miss something. Something hits you. Something freezes you.
You bump into the rock wall.
Something hits you. Something freezes you.
You miss something.
You feel less invigorated.
You feel less confused. Something hits you! Something freezes you.
It was a potion of attraction.
You feel attractive to monsters. Something hits you! Something freezes you.
You closely miss something. Something hits you.
* * * LOW HITPOINT WARNING * * *
Something freezes you.
* * * LOW HITPOINT WARNING * * *
You hear some strange, mumbled words.
A puff of flame appears from out of thin air!
The puff of flame hits you!
Your icy defenses dissipate!
You die...

....... ██..█
██.........████...██
'.........'.......█
█.........████..<██
.█ ....... ████..█ .
..... █.....█ ...
█.....█ █{█ █.....██
█@█ █......█ █.█
█......█


██)██ ██.█...█ .█████...████ █....██ ............█ ███.██ .█████...██.█ █.█
██.███.█████.█ █.█ █.......█ █.█ █████████ There were no monsters in sight!

Vanquished Creatures
  The ghost of senseless the Cudgeller, an amateur HuMo (D:3)
  An orc wizard (D:3)
  3 adders
  An adder skeleton (D:2)
  A worm (D:2)
  2 dart slugs
  3 orcs (D:3)
  3 ball pythons
  3 bat zombies (D:2)
  9 endoplasms
  3 giant cockroaches
  5 goblins
  3 hobgoblins
  4 jackals (D:1)
  6 quokkas
  A ball python skeleton (D:2)
  2 bats
  3 frilled lizards
  5 kobolds
  A quokka skeleton (D:2)
  4 rats
64 creatures vanquished.

Vanquished Creatures (others)
  2 withered plants (D:3)
2 creatures vanquished.

Grand Total: 66 creatures vanquished

Notes
Turn   | Place    | Note
-------+----------+-------------------------------------------
     0 | D:1      | nht the Demonspawn Warper began the quest for the Orb.
     0 | D:1      | Reached XP level 1. HP: 16/16 MP: 3/3
   131 | D:1      | Reached skill level 2 in Unarmed Combat
   387 | D:1      | Gained mutation: A meltable shield of frost defends you.
                  | (SH +0) [demonic ancestry]
   387 | D:1      | Reached XP level 2. HP: 13/22 MP: 5/5
   449 | D:1      | Learned a level 2 spell: Blink
   835 | D:1      | Reached skill level 3 in Unarmed Combat
  1127 | D:2      | Gained mutation: A meltable icy envelope protects you from
                  | harm. (AC +0) [demonic ancestry]
  1127 | D:2      | Reached XP level 3. HP: 22/27 MP: 6/6
  1361 | D:2      | Noticed Sigmund
  1419 | D:2      | Noticed Terence
  1892 | D:3      | Found a runed translucent door.
  1893 | D:3      | Noticed senseless's ghost (amateur HuMo)
  2043 | D:3      | Reached skill level 4 in Unarmed Combat
  2043 | D:3      | Gained mutation: You are partially covered in large bone
                  | plates. (SH +4) [demonic ancestry]
  2043 | D:3      | Reached XP level 4. HP: 33/33 MP: 7/7
  2322 | D:3      | Found a faded altar of an unknown god.
  2477 | D:3      | Killed senseless's ghost
  2478 | D:3      | Reached skill level 5 in Unarmed Combat
  2478 | D:3      | Gained mutation: You have a pair of small antennae on your
                  | head. [demonic ancestry]
  2478 | D:3      | Reached XP level 5. HP: 38/38 MP: 8/8
  2496 | D:3      | Identified a scroll of acquirement
  2496 | D:3      | Acquired 725 gold pieces
  2711 | D:5      | Entered Level 5 of the Dungeon
  2721 | D:5      | Noticed Blork the orc
  2898 | D:2      | Found Noduanaar's Antique Weapon Shoppe.
  3436 | D:2      | Killed from afar by Sigmund

Illustrated notes

Levels and vault maps discovered:
D:1:      co_arrival_hall_of_pillars, layout_loops_ring, feat_on_display
D:2:      layout_loops_corners, serial_shops, shop, nicolae_shop_crystal, shop,
          serial_undead, serial_undead_a, serial_undead_b, serial_undead_a,
          serial_undead_c, serial_undead_a, serial_undead_a, uniq_terence,
          uniq_sigmund
D:3:      layout_basic, gammafunk_ghost_grave, ebering_ecumenical_altar_box
D:4:      layout_loops_corners, lemuel_tele_altar,
          nicolae_overflow_hidden_temple
D:5:      layout_loops_ring, tgw_trog, uniq_blork_the_orc

Skill      XL: |  1  2  3  4 |
---------------+-------------+-----
Unarmed Combat | 2 3 4 5 |  5.7
Fighting       | |  2.0
Throwing       | |  0.8
Armour         | |  0.8
Dodging        | |  1.7
Spellcasting   | |  2.0
Translocations | |  2.7

Action                   |  1- 3 |  4- 6 || total
-------------------------+-------+-------++-------
Melee: Long sword        |   120 |    82 ||   202
       Punch             |       |     4 ||     4
  Use: Potion            |     2 |     3 ||     5
       Scroll            |     1 |     2 ||     3
 Stab: Sleeping          |     1 |       ||     1
Armor: Leather armour    |    57 |    35 ||    92
Dodge: Dodged            |    73 |    41 ||   114
Block: Other             |    22 |    33 ||    55
       Rpst.: Long sword |    25 |    10 ||    35

Table legend: (Time is in decaauts)
 A = Elapsed time spent in this place.
 B = Non-inter-level travel time spent in this place.
 C = Inter-level travel time spent in this place.
 D = Time resting spent in this place.
 E = Time spent auto-exploring this place.
 F = Levels seen in this place.
 G = Mean time per level.
                   A        B        C        D        E       F      G
               +--------+--------+--------+--------+--------+-----+--------+
         Total |   3549 |   3310 |    239 |     29 |   2616 |   5 |  709.8 |
       Dungeon |   3549 |   3310 |    239 |     29 |   2616 |   5 |  709.8 |
               +--------+--------+--------+--------+--------+-----+--------+

Top non-repeatable levels by time:
     D:3: 1247 daAuts
     D:1: 1108 daAuts
     D:2: 911 daAuts
     D:4: 257 daAuts
     D:5: 24 daAuts
